[Event "*** Titled Tuesday Blitz"]
[Site "Chess.com"]
[Date "2021.02.02"]
[Round "3"]
[White "AungTZ"]
[Black "drragnar1"]
[Result "0-1"]
[WhiteElo "2001"]
[BlackElo "2381"]
[TimeControl "180+1"]
[EndTime "10:32:12 PST"]
[Termination "drragnar1 won by resignation"]

1. e4 c5 2. Nf3 Nc6 3. Bb5 g6 4. O-O Bg7 5. c3 e5 6. d4 cxd4 7. cxd4 exd4 8. e5 Nge7 9. Bg5 O-O 10. Na3 Qb6 11. Qd2 Nf5 12. Bd3 d6 13. Nc4 Qb4 14.
exd6 Nxd6 15. Qxb4 Nxb4 16. Nxd6 Nxd3 17. Be7 Nxb2 18.
Bxf8 Kxf8 19. Nxc8 Rxc8 20. Rfc1 Rc3 21. Rxc3 dxc3 22.
Ne1 b5 23. Nc2 a5 24. a3 Ke7 25. Re1+ Kd6 26. Re8 Nc4 27. Rb8 Kc6 28. Rc8+ Kb7 29. Rc5 Kb6 30. Rc8 Nxa3 31. Nxa3 b4 32. Nc4+ Kb7 33.
Nd6+ Kb6 34. Nxf7 a4 35. Nd6 b3 36. Nc4+ Kb7 37. Rc5 c2 38. Na3 Bb2 39. Nxc2 bxc2 40.
Rxc2 a3 41. g3 Kb6 42. Re2 Kb5 43. Kg2 Kb4 44. f4 Kb3 45. g4 a2 46. f5 gxf5 47. Re1 fxg4 48. Ra1 Bxa1 49. Kg3 Be5+ 50. Kxg4 Bxh2 51. Kh5 a1=Q 52. Kh6 Qg1 53. Kxh7 0-1

[Event "*** Titled Tuesday Blitz"]
[Site "Chess.com"]
[Date "2021.02.02"]
[Round "3"]
[White "tylityli"]
[Black "RaneshRatnesan"]
[Result "0-1"]
[WhiteElo "2341"]
[BlackElo "2174"]
[TimeControl "180+1"]
[EndTime "10:32:12 PST"]
[Termination "RaneshRatnesan won on time"]

1. d4 d5 2. c4 c6 3. cxd5 cxd5 4. Bf4 Nc6 5. e3 Nf6 6. Nc3 Bf5 7. Qb3 Na5 8. Qa4+ Bd7 9. Qc2 e6 10. Bd3 Rc8 11.
Nf3 b5 12. a3 Be7 13. O-O O-O 14. Ne5 Be8 15. Qe2 Nc4 16. b3 Nxe5 17. dxe5 Rxc3 18.
exf6 Bxf6 19. Rab1 Qb6 20. Rfc1 Rxc1+ 21. Rxc1 e5 22.
Bg3 Bc6 23. Bxh7+ Kxh7 24. Qc2+ Kg8 25. Qxc6 Qxc6 26. Rxc6 d4 27. exd4 exd4 28. Kf1 Rd8 29. Ke2 Be7 30. Kd3 Bxa3 31. Be5 f6 32. Bc7 Rd7 33. Bb8 Kf7 34. g4 Bf8 35. h4 a5 36. Ra6 Bb4 37. Rb6 Rd5 38. Ba7 Bc3 39.
Rb7+ Kg8 40. h5 a4 41. bxa4 bxa4 42. Bb6 a3 43. Ra7 Bb2 44. Ra8+ Kh7 45. Ra7 Rb5 46. Bxd4 Rd5 47. Ke4 Rxd4+ 48. Kf5 Rd5+ 49. Ke4 Re5+ 50. Kf4 Bc1+ 51. Kf3 Rb5 52. Ke4 Rb4+ 53. Kf5 Rf4+ 54. Ke6 Rxg4 55. f3 Rf4 56. h6 Kxh6 0-1

[Event "*** Titled Tuesday Blitz"]
[Site "Chess.com"]
[Date "2021.02.02"]
[Round "3"]
[White "floplover"]
[Black "JAAC2002"]
[Result "1-0"]
[WhiteElo "2321"]
[BlackElo "2501"]
[TimeControl "180+1"]
[EndTime "10:32:13 PST"]
[Termination "floplover won by checkmate"]

1. d4 Nf6 2. c4 g6 3. Nc3 Bg7 4. e4 O-O 5. Nf3 d6 6. Be2 e5 7. O-O exd4 8. Nxd4 Re8 9. f3 Nc6 10. Be3 Nh5 11. Nxc6 bxc6 12. g4 Be5 13. gxh5 Bxh2+ 14. Kxh2 Qh4+ 15. Kg1 Qg3+ 16. Kh1 Re5 17. f4 Qh3+ 18.
Kg1 Qxe3+ 19. Rf2 Qg3+ 20. Kf1 Bh3+ 21. Ke1 Re7 22. Qd3 Qg1+ 23. Bf1 Bf5 24. Re2 Bd7 25. Kd2 Rb8 26. Kc2 Qb6 27. b3 Rbe8 28. Rd1 Qa5 29. hxg6 hxg6 30. Rh2 d5 31. Qd4 f6 32. Qxf6 Rg7 33. exd5 Bf5+ 34. Kb2 Rf8 35. Qh4 Qc5 36.
Bd3 cxd5 37. Bxf5 Rxf5 38. Nxd5 Kf7 39. Re1 Qd4+ 40. Kb1 Qd3+ 41. Kb2 Qd4+ 42. Nc3 Qxf4 43. Qe7+ Kg8 44. Qe8+ Rf8 45. Qe6+ Rff7 46. Reh1 Kf8 47.
Rh8+ Rg8 48. Nd5 Qf2+ 49. Ka3 Qc5+ 50. Ka4 Rxh8 51. Rxh8+ Kg7 52. Rh7+ Kxh7 53. Qxf7+ Kh6 54. Qf4+ Kh5 55. Nf6# 1-0

[Event "*** Titled Tuesday Blitz"]
[Site "Chess.com"]
[Date "2021.02.02"]
[Round "3"]
[White "ChessWarrior7197"]
[Black "Vugar_Manafov"]
[Result "1-0"]
[WhiteElo "2910"]
[BlackElo "2658"]
[TimeControl "180+1"]
[EndTime "10:32:16 PST"]
[Termination "ChessWarrior7197 won by resignation"]

1. e4 Nf6 2. e5 Nd5 3. d4 d6 4. Nf3 Nb6 5. a4 a5 6. Bb5+ c6 7. Be2 Bg4 8. O-O Bxf3 9. Bxf3 dxe5 10. dxe5 Qxd1 11. Rxd1 e6 12. b3 N8d7 13. Bb2 Nd5 14. Nd2 Nb4 15. Rac1 Na2 16. Rb1 Nb4 17. Be4 Nc5 18.
c3 Nbd3 19. Bxd3 Nxd3 20. Nc4 Nf4 21. g3 Nd5 22. Nd2 O-O-O 23. Ne4 Be7 24. Kf1 Rd7 25. c4 Nb4 26. Rxd7 Kxd7 27. Ke2 Rd8 28. Bc3 Kc7 29.
g4 b6 30. f4 Na6 31. f5 Nc5 32. Nxc5 Bxc5 33. Rf1 Bd4 34. Bxd4 Rxd4 35. h3 Kd7 36. Ke3 c5 37. Rg1 Ke7 38. h4 g6 39. fxg6 fxg6 40. h5 g5 41. h6 Rf4 42. Rg2 Ke8 43. Rd2 Rxg4 44. Rd6 Rg3+ 45. Ke4 Rxb3 46. Rxe6+ Kf7 47. Rc6 Rb4 48. Kf5 Rxc4 49. e6+ Kf8 50. Rc8+ Ke7 51. Rc7+ Kf8 52. Rxh7 Rf4+ 53. Kxg5 Re4 54. Rf7+ Kg8 55. h7+ Kh8 56. e7 1-0

[Event "*** Titled Tuesday Blitz"]
[Site "Chess.com"]
[Date "2021.02.02"]
[Round "3"]
[White "EmirhanTarlabasi"]
[Black "Evgeny81"]
[Result "0-1"]
[WhiteElo "2493"]
[BlackElo "2748"]
[TimeControl "180+1"]
[EndTime "10:32:16 PST"]
[Termination "Evgeny81 won by resignation"]

1. d4 c5 2. d5 g6 3. c4 Bg7 4. e4 d6 5. f4 Nf6 6. Nc3 O-O 7. Nf3 Bg4 8. Be2 Na6 9. O-O Nc7 10. Be3 a6 11. a4 b5 12. axb5 axb5 13. cxb5 Nd7 14. h3 Bxf3 15. Bxf3 Rxa1 16. Qxa1 Qb8 17. Qa5 Bd4 18. Bf2 Qb7 19. Qa4 Ra8 20. Qc2 Bxf2+ 21.
Rxf2 Nxb5 22. Nxb5 Qxb5 23. h4 h5 24. Kh2 Qb4 25.
Qc3 Rb8 26. Re2 Nf6 27. g3 Qxc3 28. bxc3 Rb3 29. Rc2 Nd7 30. Kg2 Nb6 31. Kf2 Na4 32. c4 Rb4 33. e5 Nb6 34. Be2 Nd7 35. exd6 exd6 36. Ra2 Nf6 37. Bd3 Rb3 38. Ke2 Kf8 39. Ra7 Rb2+ 40. Kf3 Ng4 41. Be2 f5 42. Ra6 Ke7 43. Ra8 Rb3+ 44. Kg2 Rb2 45. Ra7+ Kd8 46. Kf3 Nf6 47. Bd3 Rb3 48. Ke2 Rb2+ 49. Kf3 Rh2 50. Rg7 Ng4 51. Rg8+ Ke7 52. Rg7+ Kf8 53. Rf7+ Kxf7 54.
Bxf5 0-1

[Event "*** Titled Tuesday Blitz"]
[Site "Chess.com"]
[Date "2021.02.02"]
[Round "3"]
[White "sergoy"]
[Black "Susal_De_Silva"]
[Result "0-1"]
[WhiteElo "2856"]
[BlackElo "2600"]
[TimeControl "180+1"]
[EndTime "10:32:16 PST"]
[Termination "Susal_De_Silva won on time"]

1. d4 Nf6 2. c4 e6 3. Nf3 b6 4. g3 Bb7 5. Bg2 g6 6. O-O Bg7 7. Qc2 O-O 8. Nc3 d6 9. e4 Nbd7 10. a3 Ne8 11. Bg5 f6 12. Be3 e5 13.
b4 Qe7 14. Rfe1 c6 15. Rad1 Nc7 16. Qd2 Rad8 17. Bh6 Bxh6 18. Qxh6 Ne6 19. d5 cxd5 20.
cxd5 Ng7 21. Qe3 f5 22. Qe2 f4 23. Rc1 Nf6 24. Nb5 Ba6 25. Rc6 Nxe4 26. Rec1 Ng5 27.
Nxg5 Qxg5 28. a4 Nf5 29. Rc7 Nd4 30. Qa2 Bxb5 31. axb5 f3 32. Bf1 Rf7 33. Qxa7 Rdf8 34. Qa2 e4 35. Qb2 Qe5 36. Qd2 Nb3 37. Qe3 Nxc1 38.
Rxc1 Qb2 39. Rd1 Qxb4 40. Rd4 Qc5 41. Qxe4 Qc8 42. Rc4 Qd8 43. Qc2 Re8 44. Qc3 Qf6 45. Qd2 Qe5 46. h4 Qe1 47. Qd4 Ra7 48. h5 Ra1 49.
Qd3 Rd1 50. hxg6 Rxd3 51. gxh7+ Kxh7 0-1

[Event "*** Titled Tuesday Blitz"]
[Site "Chess.com"]
[Date "2021.02.02"]
[Round "3"]
[White "Snegokhod"]
[Black "AsaHoffmann"]
[Result "1-0"]
[WhiteElo "2535"]
[BlackElo "2353"]
[TimeControl "180+1"]
[EndTime "10:32:16 PST"]
[Termination "Snegokhod won on time"]

1. d4 Nf6 2. c4 c5 3. Nf3 cxd4 4. Nxd4 e5 5. Nb5 d5 6. cxd5 Bb4+ 7. Bd2 Bc5 8. N5c3 Bf5 9. e3 O-O 10. Bc4 a6 11. a3 b5 12. Ba2 Nbd7 13. O-O Nb6 14. b4 Bd6 15. f3 e4 16. Nxe4 Nxe4 17. fxe4 Bxe4 18. Nc3 Qh4 19. Rf4 Bxf4 20. exf4 Bg6 21. g3 Qf6 22. Be1 Rfd8 23. Rc1 Rac8 24. Qd2 Nc4 25.
Bxc4 Rxc4 26. Bf2 Rdc8 27. Bc5 h5 28. d6 Rd8 29. Nd5 Rxc1+ 30. Qxc1 Qe6 31. Ne7+ Kh7 32.
Qd2 Be4 33. Qe3 Qc4 34. f5 f6 35. Kf2 Qd3 36. Qxd3 Bxd3 37. Ke3 Bc4 38. Kf4 Bf7 39.
h3 Be8 40. g4 hxg4 41. hxg4 Ra8 42. Bb6 Rb8 43. Bc7 Ra8 44. Nd5 Bc6 45. Nb6 Re8 46. Kg3 Re3+ 47. Kh4 Rxa3 48. d7 Bxd7 49. Nxd7 Rb3 50.
Ba5 Rd3 51. Nf8+ Kg8 52. Ne6 Kf7 53. g5 g6 54. Nd8+ Ke8 55. fxg6 fxg5+ 56. Kxg5 Kf8 57.
Ne6+ Kg8 58. Kf6 Rf3+ 59. Ke5 Re3+ 60. Kd5 Rd3+ 61. Kc6 Re3 62. Nc5 Rg3 63. Nxa6 Rxg6+ 64. Kxb5 Kf7 65. Nb8 Ke8 66. Nc6 Kd7 67. Ne5+ 1-0

[Event "*** Titled Tuesday Blitz"]
[Site "Chess.com"]
[Date "2021.02.02"]
[Round "3"]
[White "zimmm36"]
[Black "Taktikmonster"]
[Result "1-0"]
[WhiteElo "2052"]
[BlackElo "2292"]
[TimeControl "180+1"]
[EndTime "10:32:18 PST"]
[Termination "zimmm36 won by resignation"]

1. d4 Nf6 2. c4 e6 3. g3 Bb4+ 4. Bd2 c5 5. Bxb4 cxb4 6. Bg2 O-O 7. Nf3 d6 8. O-O Nc6 9. d5 exd5 10. cxd5 Na5 11. a3 bxa3 12. Rxa3 Nc4 13. Rc3 Nb6 14. Ne1 Bf5 15. Na3 a6 16. Nec2 Rc8 17. Nd4 Be4 18. Bxe4 Nxe4 19. Rd3 Nf6 20. Nf5 Rc5 21. e4 g6 22.
Nh6+ Kg7 23. Ng4 Nxe4 24. Re3 Nf6 25. Qd4 Rxd5 26. Qc3 Na4 27. Qb4 Nxg4 28. Qxg4 Nxb2 29. Qb4 Qf6 30. Qxb7 Nd3 31. Qxd5 Ne5 32. Nc4 Ng4 33.
Rf3 Qe7 34. Qd4+ Ne5 35. Nxe5 dxe5 36. Re3 Re8 37. Qa4 Qe6 38. Rd1 Re7 39. Qb3 Qc6 40. Qd5 Qxd5 41. Rxd5 f6 42. Rd6 Ra7 43. Red3 a5 44.
Rd7+ Rxd7 45. Rxd7+ Kh6 46. Ra7 Kg5 47. Rxa5 h5 48.
Kg2 Kf5 49. h3 g5 50. f3 g4 51. hxg4+ hxg4 52. fxg4+ Kxg4 53. Ra6 f5 54. Ra5 e4 55. Re5 Kg5 56. Kf2 Kg4 57. Ke3 Kg5 58. Re6 Kg4 59. Rg6+ Kh5 60. Rg8 Kh6 61. Kf4 Kh7 62. Re8 Kg6 63.
Re5 e3 64. Rxf5 e2 65. Re5 Kf6 66. Rxe2 Kf7 67. g4 1-0

[Event "*** Titled Tuesday Blitz"]
[Site "Chess.com"]
[Date "2021.02.02"]
[Round "3"]
[White "ShimanovAlex"]
[Black "Monmoransy"]
[Result "1-0"]
[WhiteElo "2834"]
[BlackElo "2612"]
[TimeControl "180+1"]
[EndTime "10:32:20 PST"]
[Termination "ShimanovAlex won by checkmate"]

1. e4 c5 2. Nc3 g6 3. d3 Bg7 4. g3 Nc6 5. Bg2 d6 6. f4 e6 7. Nf3 Nge7 8. O-O O-O 9. Be3 Nd4 10. Qd2 b6 11. Nd1 Nxf3+ 12. Bxf3 Bb7 13. c3 Qd7 14. Nf2 f5 15. Qe2 Rae8 16. Rad1 Kh8 17. d4 Qc7 18. dxc5 dxc5 19. e5 Bxf3 20. Qxf3 c4 21. Rd6 Nd5 22. Rd1 Rf7 23. R1xd5 exd5 24. Bd4 Rd7 25. Rxd7 Qxd7 26.
Nd1 Qe6 27. Ne3 Rd8 28. h3 a6 29. Kh2 b5 30. g4 Bh6 31. g5 Bf8 32. h4 h5 33. gxh6 Bxh6 34. Kg3 Kg7 35. Qd1 Kf7 36.
a4 Qe7 37. axb5 axb5 38. Qh1 Ke6 39. Qa1 Bxf4+ 40. Kxf4 Qxh4+ 41. Kf3 Qe4+ 42. Kf2 Qf4+ 43. Ke2 Qh2+ 44. Ke1 Qh1+ 45. Nf1 Qe4+ 46. Kf2 Qc2+ 47. Kg1 Qa4 48. Qc1 Rg8 49. Qg5 Qd1 50. Qf6+ Kd7 51. Qf7+ Kc6 52. Qe6+ Kb7 53. Qxd5+ Kb8 54. Ba7+ Kxa7 55.
Qxd1 Rh8 56. e6 Rg8 57. e7 Ka8 58. Qd5+ Ka7 59. Nh2 Rh8 60. Nf3 f4 61. Ne1 Kb8 62.
Nc2 Kc8 63. Na1 Rd8 64. exd8=Q# 1-0

[Event "*** Titled Tuesday Blitz"]
[Site "Chess.com"]
[Date "2021.02.02"]
[Round "3"]
[White "Isajevsky_Anton"]
[Black "ajdemipopushi"]
[Result "1-0"]
[WhiteElo "2520"]
[BlackElo "2321"]
[TimeControl "180+1"]
[EndTime "10:32:20 PST"]
[Termination "Isajevsky_Anton won by resignation"]

1. c4 c5 2. Nc3 g6 3. Nf3 Bg7 4. e3 Nf6 5. a3 O-O 6. Qc2 d5 7.
cxd5 Nxd5 8. Bc4 Nb6 9. Ba2 Bf5 10. Ne4 N8d7 11. Nh4 Bxe4 12. Qxe4 e6 13. Nf3 Nd5 14. O-O b5 15. d3 Rc8 16. Rb1 a6 17. Bd2 Qb6 18.
Rfd1 Rfd8 19. Be1 h6 20. Qh4 g5 21. Qg3 Ne7 22. h4 Nf5 23. Qh3 gxh4 24. Bc3 Nf6 25. Nxh4 Nxh4 26. Qxh4 Nd5 27. Bxg7 Kxg7 28. Rbc1 Nf6 29. Qg3+ Kf8 30. Qh4 Kg7 31. d4 c4 32. Bb1 Qd6 33. e4 e5 34. Rc3 exd4 35. Rg3+ Kf8 36. Qxh6+ Ke7 37. e5 Qxe5 38. Qd2 Ne4 39.
Bxe4 Qxe4 40. Re1 Qe6 41. Rxe6+ fxe6 42. Rg7+ Kd6 43. Qf4+ Kc5 44. Qe5+ Rd5 45. Qxe6 d3 46. Qxc8+ Kd4 47. Qg4+ Kc5 48. Qd1 a5 49. f4 b4 50.
axb4+ axb4 51. Rg5 Rxg5 52. fxg5 Kd4 53. g6 c3 54. bxc3+ bxc3 55. g7 d2 56. Qc2 Ke3 57. Kf1 1-0

[Event "*** Titled Tuesday Blitz"]
[Site "Chess.com"]
[Date "2021.02.02"]
[Round "3"]
[White "Homino"]
[Black "Problematique_99"]
[Result "0-1"]
[WhiteElo "2312"]
[BlackElo "2519"]
[TimeControl "180+1"]
[EndTime "10:32:20 PST"]
[Termination "Problematique_99 won on time"]

1. e4 g6 2. d4 Bg7 3. Nc3 d6 4. Be3 a6 5. f3 b5 6. Qd2 Nd7 7. h4 h6 8. g4 Bb7 9. Nh3 c5 10. d5 Ngf6 11. Nf2 Ne5 12. Be2 h5 13. g5 Nfd7 14. f4 Nc4 15. Bxc4 bxc4 16. O-O a5 17.
a4 O-O 18. Rab1 Nb6 19. Qe2 Ba6 20. Kh1 Qd7 21. Qf3 Nxa4 22. Nxa4 Qxa4 23. c3 Rab8 24. f5 Be5 25. Bf4 Bc8 26. Bxe5 dxe5 27. fxg6 fxg6 28. Qg3 Qc2 29. Rbc1 Qe2 30. Rce1 Qf3+ 31.
Qxf3 Rxf3 32. Kg2 Rf4 33. Nd1 Rxh4 34. Ne3 Bh3+ 35. Kg3 Bxf1 36. Kxh4 Bd3 37. Nd1 Rf8 38. Kg3 Rf4 39. Nf2 h4+ 40. Kg2 a4 41. Ra1 Bxe4+ 42. Nxe4 Rxe4 43. Rxa4 Re2+ 44. Kh3 Rd2 45. Rxc4 Rxd5 46. Kxh4 Kf7 47. Kg4 Ke6 48. Ra4 Rd2 49. Ra6+ Kd5 50. Rxg6 Rxb2 51. Rg7 e6 52. Rd7+ Ke4 53. Rc7 Rg2+ 54. Kh5 Kf5 55. Rf7+ Ke4 56. g6 Kd3 57. g7 e4 58. Kh6 e3 59. Rf6 Rxg7 60. Kxg7 e5 61. Re6 e4 0-1

[Event "*** Titled Tuesday Blitz"]
[Site "Chess.com"]
[Date "2021.02.02"]
[Round "3"]
[White "Rsnr"]
[Black "enriquetejedor"]
[Result "1-0"]
[WhiteElo "2767"]
[BlackElo "2515"]
[TimeControl "180+1"]
[EndTime "10:32:22 PST"]
[Termination "Rsnr won on time"]

1. d4 d5 2. c4 c6 3. Nf3 Nf6 4. Qc2 e6 5. Bf4 Nbd7 6. e3 Be7 7.
h3 O-O 8. Bd3 c5 9. cxd5 Nxd5 10.
Bxh7+ Kh8 11. Be4 Nxf4 12. exf4 cxd4 13. Nxd4 Nc5 14. Nb3 Nxb3 15. axb3 Bd7 16. O-O Rc8 17. Nc3 b5 18. Rxa7 Bc5 19. Rb7 b4 20. Rd1 Rc7 21.
Nb5 Rxb7 22. Bxb7 Qe7 23. Rxd7 Bxf2+ 24. Qxf2 Qxd7 25. Qc5 Rb8 26. Bc6 Qd1+ 27. Kh2 Qd2 28. Qe5 Rd8 29. Be4 Kg8 30. Nc7 Qd6 31. Qxd6 Rxd6 32.
Kg3 Rd2 33. Na6 Rxb2 34. Nc5 g6 35. Bd3 Kf8 36. Bc4 Ke7 37. Na6 Rb1 38. Nxb4 Kd6 39. Nd3 Ra1 40. Ne5 Ke7 41. Kf3 Rb1 42. g3 Kf8 43. h4 Kg7 44. Nd3 Kf8 45. Nf2 Ke7 46.
Ne4 f6 47. Nc5 e5 48. fxe5 fxe5 49. Nd3 Kf6 50. Nc5 Rb2 51. Ne4+ Ke7 52. Kg4 Kf8 53. Kg5 Kg7 54. g4 Rb1 55. Nc5 Re1 56.
Ne6+ Kf7 57. Nf4+ Ke7 58. Nxg6+ Kd6 59. h5 e4 60. h6 e3 61. h7 Rh1 62. h8=Q Rxh8 63.
Nxh8 Kc5 64. Kf6 e2 65. Bxe2 1-0

[Event "*** Titled Tuesday Blitz"]
[Site "Chess.com"]
[Date "2021.02.02"]
[Round "3"]
[White "Margency"]
[Black "kirillshevchenko"]
[Result "1/2-1/2"]
[WhiteElo "2630"]
[BlackElo "2847"]
[TimeControl "180+1"]
[EndTime "10:32:24 PST"]
[Termination "Game drawn - insufficient material"]

1. e4 e5 2. Nf3 d6 3. d4 exd4 4. Nxd4 Nf6 5. Nc3 g6 6. Bg5 Bg7 7. Qd2 h6 8. Bf4 Nc6 9. Bb5 Bd7 10. Bxc6 bxc6 11. O-O c5 12. Nf3 Nh5 13. Be3 Rb8 14. e5 Bg4 15. exd6 cxd6 16. Rfe1 O-O 17. Bxh6 Bxf3 18.
Bxg7 Kxg7 19. gxf3 Qf6 20. Nd5 Qxf3 21. Re3 Qg4+ 22.
Kh1 Rxb2 23. Rg1 Qc4 24. Re7 Qxc2 25. Qg5 Kh7 26. Re3 Rb1 27. Rxb1 Qxb1+ 28. Kg2 Qf5 29. Qxf5 gxf5 30. Re7 a5 31. Rd7 Kg6 32. Rxd6+ f6 33. Rc6 Rb8 34. Rxc5 a4 35. Ra5 Rb2 36. Rxa4 Ng7 37.
Nf4+ Kg5 38. h4+ Kh6 39. Ra6 Nh5 40. Nxh5 Kxh5 41. a4 Kxh4 42. a5 Kg5 43. Rb6 Ra2 44. a6 Ra3 45. Kf1 Kg4 46. Rxf6 f4 47. Kg2 f3+ 48.
Kh2 Ra2 49. Rg6+ Kf5 50. Rb6 Rxf2+ 51. Kg3 Ra2 52. Kxf3 Ke5 53. Ke3 Kd5 54. Rh6 Kc5 55. Kd3 Kb5 56. Kc3 Rxa6 57. Rxa6 Kxa6 1/2-1/2

[Event "*** Titled Tuesday Blitz"]
[Site "Chess.com"]
[Date "2021.02.02"]
[Round "3"]
[White "PavelShkapenko"]
[Black "CrushingKings"]
[Result "0-1"]
[WhiteElo "2728"]
[BlackElo "2348"]
[TimeControl "180+1"]
[EndTime "10:32:24 PST"]
[Termination "CrushingKings won by resignation"]

1. e4 c5 2. c3 Nf6 3. e5 Nd5 4. d4 cxd4 5. cxd4 d6 6. Nf3 Nc6 7. Bc4 Nb6 8. Bb3 dxe5 9. d5 Na5 10. Nc3 Bg4 11. Be3 Nxb3 12. Qxb3 Bxf3 13. gxf3 g6 14. O-O-O Bg7 15. Kb1 O-O 16. Ne4 Nc8 17. Qxb7 Nd6 18. Qa6 Qd7 19. Bc5 Rfd8 20. Rc1 Qf5 21. Bxd6 Rxd6 22. Qd3 Rad8 23. Rc5 e6 24. Qc2 Qxf3 25. Rc1 Rxd5 26. Rc3 Qf5 27. f3 Qf4 28. a3 f5 29. Nc5 R5d6 30. Qb3 Rb6 31. Qc4 Rd2 32. b4 Qxc4 33. Rxc4 e4 34. Nxe6 Rb2+ 35. Ka1 Bf6 36. Rc8+ Kf7 37. Nd8+ Kg7 38. R8c7+ Kh6 39. Nf7+ Kh5 40. f4 R2xb4+ 41. Ne5 Bxe5+ 42. fxe5 R4b5 43. Rxh7+ Kg5 44. Re7 Kf4 45. e6 Re5 46. Rxa7 Rexe6 47. Rac7 e3 48. Rf1+ Kg5 49. Rg1+ Kf6 50. Rcc1 f4 51. h4 g5 52. hxg5+ Kf5 53. Rcf1 e2 54. Re1 f3 55. g6 f2 56. g7 fxe1=Q+ 57. Rxe1 Rb8 58.
Rg1 e1=Q+ 59. Rxe1 Rxe1+ 60. Ka2 Re2+ 61. Ka1 Rd2 0-1

[Event "*** Titled Tuesday Blitz"]
[Site "Chess.com"]
[Date "2021.02.02"]
[Round "3"]
[White "NicoChasin"]
[Black "SHIVACalypso"]
[Result "1-0"]
[WhiteElo "2560"]
[BlackElo "2373"]
[TimeControl "180+1"]
[EndTime "10:32:24 PST"]
[Termination "NicoChasin won by checkmate"]

1. e4 e6 2. d4 d5 3. Nc3 Nf6 4. Bg5 dxe4 5. Nxe4 Be7 6. Bxf6 gxf6 7. Nf3 f5 8. Ng3 c5 9. dxc5 Bxc5 10. Qxd8+ Kxd8 11. Ne5 Ke7 12. Nd3 Bd6 13. O-O-O b6 14. Re1 Kf6 15.
Nh5+ Kg6 16. Nhf4+ Kg7 17. Rg1 h5 18. Be2 h4 19.
Bf3 e5 20. Nxe5 Bxe5 21. Rxe5 Nd7 22. Rxf5 Rb8 23. g3 h3 24. Rg5+ Kf6 25. Rh5 Rxh5 26. Nxh5+ Kg5 27. Nf4 Ne5 28. Be4 Bf5 29. Bxf5 Kxf5 30.
Nxh3 Kg4 31. Nf4 Kf3 32. Re1 Ng4 33. Nd3 Nxh2 34. Re7 Rf8 35. Rxa7 Ng4 36. Ra4 f5 37. Rf4+ Ke2 38. f3 Ne3 39. g4 Rh8 40. b4 Rc8 41.
Kb1 Nxc2 42. Nc1+ Kd1 43. Rxf5 Na3+ 44. Kb2 Nc4+ 45. Kb3 Nd2+ 46. Ka4 Kxc1 47. Kb5 Nc4 48. Rf4 Nd6+ 49. Kxb6 Kb2 50. a4 Ka3 51. a5 Nc4+ 52.
Kb7 Nd6+ 53. Ka6 Rc6+ 54. Ka7 Ka4 55. g5 Kb5 56. Rd4 Rc7+ 57. Kb8 Rd7 58. Rd5+ Kc6 59. Rc5# 1-0

[Event "*** Titled Tuesday Blitz"]
[Site "Chess.com"]
[Date "2021.02.02"]
[Round "3"]
[White "elohunter1999"]
[Black "JQuiroga18"]
[Result "1-0"]
[WhiteElo "2663"]
[BlackElo "2443"]
[TimeControl "180+1"]
[EndTime "10:32:25 PST"]
[Termination "elohunter1999 won by resignation"]

1. d4 Nf6 2. c4 e6 3. Nc3 d5 4.
cxd5 exd5 5. Bg5 c6 6. e3 Be7 7.
Bd3 Nbd7 8. Nge2 Nh5 9. Bxe7 Qxe7 10. Qc2 g6 11. O-O-O Nb6 12. Kb1 Ng7 13. Rhe1 Bf5 14. e4 dxe4 15. Ng3 O-O-O 16. Bxe4 Bxe4 17. Ngxe4 Kb8 18. Nc5 Qc7 19. Rc1 Ka8 20. Re4 Nf5 21. Rd1 Nd5 22.
Qb3 Nxc3+ 23. bxc3 Rhe8 24. Rde1 Rxe4 25. Rxe4 Nd6 26. Re5 Re8 27. f4 b6 28. Nd3 Re7 29.
g3 f6 30. Qg8+ Kb7 31. Re6 Rg7 32. Qf8 Nb5 33. Kc2 Qf7 34. Qxf7+ Rxf7 35. Re8 Nd6 36. Re6 Nb5 37. a4 Nc7 38. Re4 Nd5 39. c4 Nc7 40. Kc3 Kc8 41. f5 Kd7 42. Rg4 g5 43.
Re4 Re7 44. Nf2 h5 45. Rxe7+ Kxe7 46. Ne4 Ne8 47. c5 Nc7 48. Kb4 Nd5+ 49. Kb3 Ne3 50. Nd6 Nxf5 51. Nxf5+ Ke6 52. Ne3 f5 53. cxb6 axb6 54.
Kb4 f4 55. gxf4 gxf4 56. Nf1 Kd5 57. Kc3 Ke4 58. Kc4 h4 59. d5 cxd5+ 60. Kb5 d4 61. Kxb6 d3 62. a5 Kf3 63. a6 Ke2 64. a7 Kxf1 65.
a8=Q d2 66. Qf3+ Ke1 67. Qe4+ Kf1 68. Qxf4+ Ke1 69. Qxh4+ Ke2 70. Qe4+ Kf1 71. Qf3+ Ke1 72. Qe3+ Kd1 73. h4 1-0

[Event "*** Titled Tuesday Blitz"]
[Site "Chess.com"]
[Date "2021.02.02"]
[Round "3"]
[White "KRSilva"]
[Black "GMaka"]
[Result "0-1"]
[WhiteElo "2202"]
[BlackElo "2402"]
[TimeControl "180+1"]
[EndTime "10:32:25 PST"]
[Termination "GMaka won by resignation"]

1. Nf3 Nf6 2. d4 e6 3. e3 c5 4. b3 Nc6 5. Bb2 d5 6. a3 Bd6 7. Bd3 Qe7 8. Ne5 Bxe5 9. dxe5 Nd7 10. f4 O-O 11. O-O f5 12. c4 Nb6 13. Qc2 dxc4 14.
bxc4 Rd8 15. Nc3 a6 16. Rad1 Bd7 17. Qb3 Nc8 18. Rf2 Be8 19. Rfd2 Na5 20. Qc2 Nb6 21. Be2 Nbxc4 22. Rd3 b5 23. e4 Nxb2 24. Qxb2 Nc4 25. Qa2 fxe4 26. Nxe4 Bg6 27. Rxd8+ Rxd8 28. Rxd8+ Qxd8 29.
Bxc4 bxc4 30. Nd6 c3 31. Qxe6+ Kh8 32. Qc4 c2 33. f5 Qg5 34. Qxc2 Qe3+ 35. Kh1 Bh5 36. Qb1 h6 37. h3 Kh7 38. f6+ Bg6 39. Qf1 Qxe5 40. f7 Bxf7 41. Nxf7 Qf6 42. Qxf6 gxf6 43.
Nd6 Kg6 44. Ne4 c4 45. Nc3 Kf5 46. Kg1 Ke5 47. Kf2 Kd4 48. Na4 Kd3 49. Kf1 Kd2 50. Kf2 c3 51. Nxc3 Kxc3 52. Kf3 Kb3 53. Kf4 Kxa3 54.
Kf5 a5 55. Kxf6 a4 56. g4 Kb2 57. h4 a3 58. g5 hxg5 59. hxg5 a2 60. g6 a1=Q 61. g7 Qa6+ 62. Kf7 Qb7+ 63. Kg8 Kc3 64. Kh8 Qh1+ 65. Kg8 Kd4 66. Kf8 Qf3+ 0-1

[Event "*** Titled Tuesday Blitz"]
[Site "Chess.com"]
[Date "2021.02.02"]
[Round "3"]
[White "Smirnov_Pavel"]
[Black "hermionegrangermagic"]
[Result "1/2-1/2"]
[WhiteElo "2869"]
[BlackElo "2648"]
[TimeControl "180+1"]
[EndTime "10:32:26 PST"]
[Termination "Game drawn by agreement"]

1. d4 d5 2. c4 e6 3. Nf3 Nf6 4. Nc3 Be7 5. Bf4 O-O 6. e3 c5 7.
dxc5 Bxc5 8. Rc1 a6 9. cxd5 exd5 10. Be2 Ba7 11. O-O Nc6 12. Ne5 Be6 13. Nxc6 bxc6 14.
Na4 Bb8 15. Bxb8 Qxb8 16. b3 Qd6 17. Qd4 a5 18. Qc5 Qe5 19. Qc3 Qg5 20. f4 Qg6 21. Bf3 Bg4 22. Bxg4 Qxg4 23. h3 Qe6 24. Nc5 Qe7 25.
Qd4 Rfe8 26. Rc3 Rab8 27. Rfc1 Rb4 28. Qe5 Qxe5 29. fxe5 Ne4 30. Nxe4 Rxe4 31. Rxc6 Rxe3 32. Rc8 Rxe5 33. R1c5 d4 34. Rxe5 Rxc8 35. Rd5 f6 36. Rxd4 Rc5 37. Rd8+ Kf7 38. Ra8 h5 39. Ra7+ Kg6 40.
h4 f5 41. Kh2 Kf6 42. Kg3 g6 43. Kf4 Rd5 44. Ra6+ Kf7 45. Kg5 Rd2 46. Ra7+ Ke6 47. Kxg6 Rxg2+ 48. Kxh5 Rxa2 49. b4 f4 50. Kg4 Ra4 51.
bxa5 f3+ 52. Kg3 f2 53. Kxf2 Rxh4 54. Ke3 Ra4 55. Kd3 Kd6 56. Kc3 Kc6 57. Kb3 Ra1 58.
Kb4 Rb1+ 59. Kc4 Rc1+ 60. Kb4 Rb1+ 61. Kc3 Rc1+ 62. Kd4 Rd1+ 63. Ke5 Re1+ 64. Kf6 Kb5 65. a6 Ra1 66. Rb7+ Kxa6 67. Re7 Rb1 1/2-1/2

[Event "*** Titled Tuesday Blitz"]
[Site "Chess.com"]
[Date "2021.02.02"]
[Round "3"]
[White "HanSchut"]
[Black "Nastya_Rakhmangulova"]
[Result "1-0"]
[WhiteElo "2266"]
[BlackElo "2482"]
[TimeControl "180+1"]
[EndTime "10:32:26 PST"]
[Termination "HanSchut won on time"]

1. e4 e6 2. d4 d5 3. Nd2 a6 4.
c3 Nf6 5. Bd3 Nfd7 6. Qe2 dxe4 7. Nxe4 c5 8. dxc5 Nxc5 9. Nxc5 Bxc5 10. Nf3 Nc6 11. O-O Ne7 12. Bg5 h6 13. Rad1 hxg5 14. Bb5+ Bd7 15. Bxd7+ Kf8 16. Nxg5 Qc7 17. h3 Qf4 18.
Nf3 Nf5 19. b4 Bb6 20. Qe5 Qxe5 21. Nxe5 Ke7 22. Ba4 Rac8 23. Rd7+ Kf6 24. Re1 Rc7 25. Ng4+ Kg5 26. Rd3 Rhc8 27. Ne5 Rxc3 28. Nxf7+ Kf6 29. Rd7 Rc1 30. Rxc1 Rxc1+ 31. Kh2 Bxf2 32. g4 Ne3 33. g5+ Kf5 34. h4 Kg4 35. Ne5+ Kxh4 36. Nf3+ Kg4 37. Ne5+ Kf5 38. Nd3 Bg1+ 39. Kh3 Ra1 40. Bb3 Nd5 41. Nc5 Nf4+ 42. Kg3 Bxc5 43. bxc5 Nh5+ 44.
Kf3 Kxg5 45. Rxb7 e5 46. c6 Rc1 47. c7 Kf5 48. Ba4 Nf6 49. Ke2 Ke6 50. Kd2 Rc5 51.
Rb6+ Kd5 52. Rc6 Rxc6 53. Bxc6+ Kxc6 54. c8=Q+ Kd5 55. Qh3 Ke4 56. Qe3+ Kf5 57. Qb6 g5 58. Qxa6 g4 59. Qf1+ Kg5 60. a4 g3 61. a5 Ne4+ 62.
Ke3 Nc5 63. a6 1-0